[Event "Titled Tuesday Blitz May 24 Late 2022"]
[White "Bas Mas, Jose Joaquin"]
[Black "Saim, Mohamed Ilias"]
[WhiteFideId "22219064"]
[BlackFideId "7900465"]
[WhiteElo "2233"]
[BlackElo "2006"]
[Result "1-0"]
[Round "03"]
[TimeControl "180+1"]
[Date "2022.05.25"]
[WhiteClock "0:00:58"]
[BlackClock "0:00:01"]

1. e4 c6 2. Nc3 d5 3. Nf3 a6 4. d4 Bg4 5. h3 Bh5 6. g4 Bg6 7. Ne5 Bxe4 8. Nxe4 dxe4 9. Bc4 e6 10. f3 exf3 11. Qxf3 Qf6 12. Bd2 Qxf3 13. Nxf3 Nf6 14. O-O-O Nbd7 15. Rde1 O-O-O 16. Bb3 Bd6 17. Ng5 Rhf8 18. Rhf1 h6 19. Ne4 Nxe4 20. Rxe4 Nf6 21. Re2 Nd5 22. a3 Kd7 23. c4 Nf6 24. Bxh6 gxh6 25. Rxf6 Ke7 26. Rf3 Rg8 27. Kc2 h5 28. gxh5 Rh8 29. d5 cxd5 30. cxd5 e5 31. Ref2 Rdf8 32. Rf5 Rh7 33. Kd3 Rfh8 34. Ke4 Rg8 35. Bd1 Rg3 36. R5f3 Rg5 37. a4 Bc5 38. Rc2 Bd4 39. Rc7+ Kd6 40. Rcxf7 Rxf7 41. Rxf7 b5 42. axb5 axb5 43. b4 Rg1 44. Bg4 Re1+ 45. Kf5 Rf1+ 46. Kg6 Rxf7 47. Kxf7 Kxd5 48. Be6+ Kc6 49. h6 e4 50. h7 e3 51. Bg4 Kd5 52. Be2 Ke4 53. h4 Kf4 54. h5 Kg3 55. Kg8 Kf2 56. Bd1 e2 57. Bxe2 Kxe2 58. h8=Q Bxh8 59. Kxh8 Ke3 60. h6 Kd4 61. Kg7 Kc4 62. h7 Kxb4 63. h8=Q Ka4 64. Qa8+ Kb3 65. Kf6 b4 66. Ke5 Kc2 67. Qa4+ b3 68. Kd4 Kc1 69. Qxb3 Kd2 70. Qb2+ Kd1 71. Ke3 Ke1 72. Qe2# 1-0


[Site "https://www.chess.com"]

[Event "Titled Tuesday Blitz May 24 Late 2022"]
[White "Bibasa, Bob"]
[Black "Kim, Yoon-Young"]
[WhiteFideId "10000240"]
[BlackFideId "30908779"]
[WhiteElo "2032"]
[BlackElo "2109"]
[Result "0-1"]
[Round "03"]
[TimeControl "180+1"]
[Date "2022.05.25"]
[WhiteClock "0:00:02"]
[BlackClock "0:00:08"]

1. e4 e5 2. Nf3 Nc6 3. Bc4 Nf6 4. d3 h6 5. c3 d6 6. Nbd2 g6 7. O-O Bg7 8. Re1 O-O 9. a4 Re8 10. Qb3 Qe7 11. a5 a6 12. Nf1 Bg4 13. Ng3 Rab8 14. Nh4 Be6 15. Be3 Ng4 16. Bxe6 Qxe6 17. Qxe6 Rxe6 18. h3 Nxe3 19. fxe3 Rd8 20. d4 exd4 21. exd4 d5 22. exd5 Rxe1+ 23. Rxe1 Rxd5 24. b4 Rd8 25. Kf1 Kf8 26. Ne4 b6 27. axb6 cxb6 28. Ra1 a5 29. bxa5 Nxa5 30. Rb1 Nc4 31. Ke2 Re8 32. Kd3 Rc8 33. Nf3 f5 34. Ned2 Nxd2 35. Kxd2 Rb8 36. Kd3 Ke7 37. Rb5 Kd6 38. Nd2 Kc6 39. c4 Ra8 40. d5+ Kc7 41. Rb3 Ra2 42. g4 Be5 43. gxf5 gxf5 44. Nf3 Bf6 45. Ke3 Rc2 46. Kf4 Rxc4+ 47. Kxf5 Be7 48. Ke6 Bd6 49. Re3 b5 50. Nd2 Rc2 51. Ne4 Bb4 52. d6+ Kd8 53. d7 Rc6+ 54. Kd5 Kxd7 55. Rd3 Be7 56. Ke5+ Kc7 57. Rd5 Rb6 58. Nc3 b4 59. Nb5+ Kc6 60. Nd4+ Kc7 61. Ra5 Rb7 62. Rb5 Rxb5+ 63. Nxb5+ Kb6 64. Nd4 Kc5 65. Nb3+ Kc4 66. Na5+ Kc3 67. Ke6 Bg5 68. Kf5 Bd2 69. Kg4 Kd4 70. Nb3+ Kd3 71. Na5 Bc3 72. Nb3 Kc4 73. Nc1 Bd2 74. Na2 b3 75. Kh5 bxa2 76. h4 0-1


[Site "https://www.chess.com"]

[Event "Titled Tuesday Blitz May 24 Late 2022"]
[White "Blackman, Justin"]
[Black "Torres Hernandez, Leslie Carolin"]
[WhiteFideId "11100516"]
[BlackFideId "8400504"]
[WhiteElo "2112"]
[BlackElo "1920"]
[Result "1-0"]
[Round "03"]
[TimeControl "180+1"]
[Date "2022.05.25"]
[WhiteClock "0:00:38"]
[BlackClock "0:00:15"]

1. e4 e6 2. d4 d5 3. Nc3 Bb4 4. exd5 exd5 5. Ne2 Nf6 6. Bg5 c6 7. Qd3 h6 8. Bh4 Nbd7 9. O-O-O O-O 10. h3 Be7 11. g4 Ne4 12. Bxe7 Qxe7 13. Nxe4 dxe4 14. Qe3 Nf6 15. Ng3 Re8 16. Bg2 Nd5 17. Qxe4 Qg5+ 18. f4 Qxf4+ 19. Qxf4 Nxf4 20. Bf3 Be6 21. b3 Bd5 22. Bxd5 Nxd5 23. Rde1 g6 24. Ne4 Kg7 25. Rhf1 Rad8 26. c3 Re7 27. Kd2 Rde8 28. Nd6 Rxe1 29. Rxe1 Rxe1 30. Kxe1 Nxc3 31. Nxb7 Nxa2 32. Na5 Nb4 33. Kd2 Kf6 34. Kc3 Nd5+ 35. Kc4 Nf4 36. h4 Ng2 37. Nxc6 Ne3+ 38. Kc5 Nxg4 39. d5 Ne3 40. d6 Ke6 41. Nxa7 h5 42. b4 g5 43. hxg5 h4 44. Nc6 Nf5 45. Nd8+ Kd7 46. Nxf7 h3 47. Ne5+ Ke6 48. Nf3 Nxd6 49. Kc6 Ne4 50. b5 Ke7 51. b6 Nd6 52. g6 1-0


[Site "https://www.chess.com"]

[Event "Titled Tuesday Blitz May 24 Late 2022"]
[White "Bluebaum, Matthias"]
[Black "Wachinger, Nikolas"]
[WhiteFideId "24651516"]
[BlackFideId "12962791"]
[WhiteElo "2556"]
[BlackElo "2227"]
[Result "1-0"]
[Round "03"]
[TimeControl "180+1"]
[Date "2022.05.24"]
[WhiteClock "0:00:47"]
[BlackClock "0:00:19"]

1. d4 Nf6 2. c4 g6 3. Nc3 Bg7 4. e4 d6 5. Nf3 Bg4 6. Be2 Bxf3 7. Bxf3 e5 8. dxe5 dxe5 9. Qxd8+ Kxd8 10. Bg5 c6 11. O-O Nd7 12. b4 Kc7 13. c5 Nf8 14. Bd1 Ne6 15. Be3 h5 16. Bb3 Bh6 17. Bxh6 Rxh6 18. Bxe6 fxe6 19. Rfd1 Rh7 20. Rd6 Re8 21. Rad1 Rd7 22. f3 Rxd6 23. Rxd6 Nd7 24. Na4 b6 25. Rd2 bxc5 26. Nxc5 Nxc5 27. bxc5 Rd8 28. Rxd8 Kxd8 29. Kf2 Ke7 30. Kg3 g5 31. h4 Kf6 32. Kh3 Kg6 33. a4 a5 34. hxg5 Kxg5 35. g3 Kg6 36. Kh4 Kh6 37. g4 hxg4 38. fxg4 Kg6 39. g5 Kg7 40. Kh5 Kh7 41. g6+ Kg7 42. Kg5 1-0


[Site "https://www.chess.com"]

[Event "Titled Tuesday Blitz May 24 Late 2022"]
[White "Burke, Paul"]
[Black "Zamorano, Jorge"]
[WhiteFideId "2605767"]
[BlackFideId "173770"]
[WhiteElo "1845"]
[BlackElo "2331"]
[Result "0-1"]
[Round "03"]
[TimeControl "180+1"]
[Date "2022.05.25"]
[WhiteClock "0:00:57"]
[BlackClock "0:00:22"]

1. e4 c5 2. d4 cxd4 3. c3 Nf6 4. Bd3 Nc6 5. Nf3 dxc3 6. Nxc3 d6 7. h3 g6 8. O-O Bg7 9. Be3 O-O 10. Rc1 Bd7 11. Qd2 Qa5 12. Bh6 Rac8 13. Bxg7 Kxg7 14. a3 a6 15. Rfd1 Qh5 16. Bb1 Bxh3 17. gxh3 Qxf3 18. Qd3 Qxd3 19. Rxd3 Ne5 20. Rg3 Nh5 21. Re3 Nf4 22. Kh2 Nc4 23. Rf3 g5 24. Rg1 Ne6 25. Nd5 Nd2 26. Rd3 Nxb1 27. Rxb1 Rfe8 28. Rg3 Rc2 29. Kg2 h6 30. h4 f6 31. hxg5 hxg5 32. b4 Kf7 33. Rbb3 Nf4+ 34. Kf3 Ne2 0-1


[Site "https://www.chess.com"]

[Event "Titled Tuesday Blitz May 24 Late 2022"]
[White "Can, Melih Kaan"]
[Black "Motylev, Alexander"]
[WhiteFideId "6317383"]
[BlackFideId "4121830"]
[WhiteElo "2049"]
[BlackElo "2470"]
[Result "1-0"]
[Round "03"]
[TimeControl "180+1"]
[Date "2022.05.25"]
[WhiteClock "0:02:12"]
[BlackClock "0:02:18"]

1. e4 c5 2. Nf3 d6 3. c3 Nf6 4. h3 Bd7 5. Bd3 g6 6. Bc2 Bc6 7. Qe2 Bh6 8. O-O O-O 9. d4 Bxc1 10. Rxc1 Nbd7 11. d5 Bxd5 12. exd5 Nxd5 13. Nbd2 Nf4 14. Qe3 Nd5 15. Qh6 f6 16. Bb3 Nb6 17. Nc4 Kh8 18. Nxb6 Nxb6 19. Be6 Qe8 20. Re1 f5 21. Ng5 1-0


[Site "https://www.chess.com"]

[Event "Titled Tuesday Blitz May 24 Late 2022"]
[White "Chyngyz, Sultai"]
[Black "Tarigan, Gilbert Elroy"]
[WhiteFideId "13803158"]
[BlackFideId "7108133"]
[WhiteElo "1365"]
[BlackElo "1908"]
[Result "0-1"]
[Round "03"]
[TimeControl "180+1"]
[Date "2022.05.24"]
[WhiteClock "0:01:17"]
[BlackClock "0:01:13"]

1. e4 e5 2. Nf3 Nc6 3. Ng1 Nf6 4. Nc3 d5 5. exd5 Nxd5 6. Nxd5 Qxd5 7. d3 f5 8. Ne2 Be6 9. Nc3 Bb4 10. Bd2 Qd7 11. Be2 O-O-O 12. a3 Bxc3 13. bxc3 Rhg8 14. Rb1 g5 15. c4 g4 16. c3 Ne7 17. Qb3 b6 18. a4 Nc6 19. Qb5 Na5 20. Qa6+ Nb7 21. Qxa7 Qc6 22. O-O Kd7 23. Qa6 Nd6 24. Qb5 Nxb5 25. cxb5 Qa8 26. Rb4 h5 27. Be3 h4 28. f4 h3 29. Rf2 g3 30. hxg3 Rxg3 31. Bf3 Bd5 32. Kh2 Bxf3 33. Kxg3 Rg8+ 34. Kxh3 Rh8+ 35. Kg3 Qg8+ 36. Kxf3 Qg4# 0-1


[Site "https://www.chess.com"]

[Event "Titled Tuesday Blitz May 24 Late 2022"]
[White "Csonka, Balazs"]
[Black "Stojanovski, Sandi"]
[WhiteFideId "742910"]
[BlackFideId "1403249"]
[WhiteElo "2404"]
[BlackElo "2342"]
[Result "1-0"]
[Round "03"]
[TimeControl "180+1"]
[Date "2022.05.24"]
[WhiteClock "0:00:10"]
[BlackClock "0:00:07"]

1. d4 Nf6 2. c4 e6 3. Nc3 Bb4 4. e3 O-O 5. Bd2 c5 6. a3 Bxc3 7. Bxc3 Ne4 8. Ne2 b6 9. d5 Nxc3 10. Nxc3 d6 11. e4 e5 12. Bd3 f5 13. exf5 Bxf5 14. O-O Nd7 15. Bxf5 Rxf5 16. Qd3 Rf4 17. Ne4 Qe7 18. g3 Rf7 19. Rae1 Raf8 20. Kg2 h6 21. b4 Nf6 22. bxc5 Nxe4 23. Qxe4 bxc5 24. Rb1 Qg5 25. h4 Qh5 26. Rb3 g5 27. hxg5 hxg5 28. g4 Qh4 29. Qg6+ Rg7 30. Qe6+ Rff7 31. Rh3 1-0


[Site "https://www.chess.com"]

[Event "Titled Tuesday Blitz May 24 Late 2022"]
[White "Darini, Pouria"]
[Black "Oparin, Grigoriy"]
[WhiteFideId "12502200"]
[BlackFideId "24125890"]
[WhiteElo "2483"]
[BlackElo "2665"]
[Result "0-1"]
[Round "03"]
[TimeControl "180+1"]
[Date "2022.05.24"]
[WhiteClock "0:00:03"]
[BlackClock "0:00:18"]

1. e4 e5 2. Nf3 Nc6 3. Bb5 Nf6 4. d3 d6 5. O-O a6 6. Ba4 b5 7. Bb3 Na5 8. Re1 Be7 9. h3 O-O 10. Bg5 h6 11. Bxf6 Bxf6 12. Nbd2 c6 13. Nf1 Nxb3 14. axb3 a5 15. Ne3 Be6 16. d4 exd4 17. Nxd4 Bd7 18. c3 Re8 19. Ng4 c5 20. Nc2 b4 21. Nxf6+ Qxf6 22. Qd3 Bc6 23. f3 Qe6 24. c4 Qe5 25. Ra2 Reb8 26. Ne3 a4 27. Rea1 axb3 28. Rxa8 Rxa8 29. Rxa8+ Bxa8 30. Qxb3 Qd4 31. Kh1 g6 32. Kh2 Bc6 33. Ng4 h5 34. Ne3 h4 35. Kh1 Bd7 36. Nd5 Be6 37. Kh2 Bxd5 38. exd5 Qd2 39. Kh1 Kg7 40. Kh2 Kf6 41. Qa2 Ke5 42. Qa7 Qf4+ 43. Kh1 Kd4 44. Qe7 Kxc4 45. Qe2+ Kxd5 46. Qe8 Kd4 47. b3 d5 48. Qe1 Qe3 49. Qd1+ Ke5 50. Qc2 Qc3 51. Qe2+ Kf6 52. Qe8 Kg7 53. Qd8 c4 54. Qxh4 cxb3 55. Qf2 b2 56. Kh2 b1=Q 0-1


[Site "https://www.chess.com"]

[Event "Titled Tuesday Blitz May 24 Late 2022"]
[White "Demchenko, Anton"]
[Black "Nazaretyan, Tigran"]
[WhiteFideId "4160258"]
[BlackFideId "24162345"]
[WhiteElo "2539"]
[BlackElo "2225"]
[Result "1-0"]
[Round "03"]
[TimeControl "180+1"]
[Date "2022.05.24"]
[WhiteClock "0:00:08"]
[BlackClock "0:00:08"]

1. e4 c5 2. Nf3 Nc6 3. Bb5 g6 4. O-O Bg7 5. d3 Nf6 6. Nc3 O-O 7. e5 Ne8 8. Bxc6 dxc6 9. h3 Nc7 10. Ne4 Ne6 11. b3 b6 12. a4 a5 13. Bb2 Nd4 14. Bxd4 cxd4 15. Re1 c5 16. Ned2 Bb7 17. Nc4 Bd5 18. Nfd2 f6 19. Qg4 f5 20. Qg5 Qc7 21. f4 Qc6 22. Re2 Rae8 23. Qg3 Kf7 24. Rae1 Ke6 25. Qh4 Rh8 26. g4 Kd7 27. Kh2 fxg4 28. hxg4 h5 29. e6+ Kc7 30. g5 Rhf8 31. Kg3 Rf5 32. Ne5 Qxe6 33. Ndc4 Bb7 34. Qh3 Qd5 35. Nxg6 Qf3+ 36. Kh2 Rxf4 37. Qxf3 Rxf3 38. Rxe7+ Rxe7 39. Rxe7+ Kb8 40. Rxg7 Rf2+ 41. Kg3 Rxc2 42. Rg8+ Ka7 43. Rg7 Rc3 44. Nf4 Ka6 45. Nd6 Bc6 46. g6 Rxb3 47. Rh7 c4 48. g7 cxd3 49. Nxd3 Rxd3+ 50. Kh4 Bd5 51. Nc8 b5 52. g8=Q bxa4 53. Ra7+ Kb5 54. Qxd5+ Kb4 55. Rb7+ Kc3 56. Qc5+ Kd2 57. Qxa5+ Ke3 58. Re7+ Kf2 59. Qf5+ Kg2 60. Qxd3 a3 61. Re2+ Kf1 62. Qd1# 1-0


[Site "https://www.chess.com"]

[Event "Titled Tuesday Blitz May 24 Late 2022"]
[White "Djokic, Mihailo"]
[Black "Kopczynski, Michal"]
[WhiteFideId "976440"]
[BlackFideId "1124200"]
[WhiteElo "2202"]
[BlackElo "2235"]
[Result "1-0"]
[Round "03"]
[TimeControl "180+1"]
[Date "2022.05.25"]
[WhiteClock "0:01:54"]
[BlackClock "0:02:20"]

1. e4 c5 2. Nf3 d6 3. d4 cxd4 4. Nxd4 Nf6 5. Nc3 g6 6. Be3 Bg7 7. f3 O-O 8. Qd2 Nc6 9. O-O-O d5 10. Qe1 e5 11. Nxc6 bxc6 12. exd5 cxd5 13. Bg5 Qa5 14. Bxf6 Bxf6 15. Nxd5 Qxa2 16. Nxf6+ Kg7 17. Qxe5 Kh6 18. Rd4 Qa1+ 19. Kd2 g5 20. h4 g4 21. Qg5# 1-0


[Site "https://www.chess.com"]

[Event "Titled Tuesday Blitz May 24 Late 2022"]
[White "Dobre, Claudiu-Cristian"]
[Black "Ohanyan, Emin"]
[WhiteFideId "1211854"]
[BlackFideId "13312022"]
[WhiteElo "2207"]
[BlackElo "1927"]
[Result "1-0"]
[Round "03"]
[TimeControl "180+1"]
[Date "2022.05.25"]
[WhiteClock "0:00:07"]
[BlackClock "0:00:12"]

1. c4 e5 2. Nc3 Nf6 3. Nf3 Nc6 4. e3 Bb4 5. Qc2 Bxc3 6. Qxc3 Qe7 7. a3 O-O 8. b4 d5 9. cxd5 Nxd5 10. Qb3 Be6 11. Qc2 f6 12. Bb2 Rad8 13. Be2 a6 14. O-O Qf7 15. d4 exd4 16. Nxd4 Nxd4 17. Bxd4 c6 18. Rad1 Ne7 19. Bb6 Bb3 20. Qc1 Bxd1 21. Bc4 Nd5 22. Bxd8 Be2 23. Bxe2 Rxd8 24. Bc4 Qe7 25. Rd1 Kf8 26. Qc2 g6 27. Qd3 Ke8 28. e4 Nc3 29. Qxd8+ Qxd8 30. Bf7+ Ke7 31. Rxd8 Kxd8 32. Bg8 Ke7 33. f3 Nb5 34. a4 Nc3 35. a5 Kf8 36. Bc4 Na4 37. Kf2 c5 38. b5 axb5 39. Bxb5 Nc3 40. Bc4 Ke7 41. Ke3 Nd1+ 42. Kd2 Nb2 43. Bd5 Na4 44. Bxb7 c4 45. a6 Kd6 46. a7 Nb6 47. a8=Q Nxa8 48. Bxa8 Ke5 49. Bd5 Kd4 50. Kc2 c3 51. h4 h5 52. g4 Ke3 53. gxh5 gxh5 54. Kxc3 Kf4 55. Kd3 Kg3 56. Ke3 Kxh4 57. Kf2 Kg5 58. Kg3 h4+ 59. Kg2 Kf4 60. Kh3 Kxf3 61. e5+ Kf4 62. exf6 Ke5 63. f7 Kxd5 64. f8=Q Ke6 65. Qg7 1-0


[Site "https://www.chess.com"]

[Event "Titled Tuesday Blitz May 24 Late 2022"]
[White "Dreev, Aleksey"]
[Black "Larino Nieto, David"]
[WhiteFideId "4100107"]
[BlackFideId "2256444"]
[WhiteElo "2625"]
[BlackElo "2532"]
[Result "1-0"]
[Round "03"]
[TimeControl "180+1"]
[Date "2022.05.24"]
[WhiteClock "0:00:23"]
[BlackClock "0:00:11"]

1. d4 e6 2. c4 b6 3. e4 Bb7 4. Nd2 Ne7 5. Bd3 d5 6. cxd5 exd5 7. e5 c5 8. Ne2 Nbc6 9. O-O Qd7 10. b3 Nf5 11. Nf3 Be7 12. Bb2 h6 13. Rc1 O-O 14. Qc2 Nfxd4 15. Nexd4 Nxd4 16. Nxd4 cxd4 17. Bxd4 Rfc8 18. Qe2 Rxc1 19. Rxc1 Rc8 20. Rd1 Bc5 21. Bb2 Qe7 22. Qg4 Rf8 23. h3 Bc8 24. Qf3 Be6 25. Bc1 Rc8 26. Qg3 Kf8 27. Kh2 Qc7 28. f4 Qd7 29. Qf3 g6 30. f5 gxf5 31. Bxh6+ Ke8 32. a4 Kd8 33. Ba6 Rb8 34. Rc1 Qc7 35. Qg3 Qd7 36. b4 Bxb4 37. Bb5 1-0


[Site "https://www.chess.com"]

[Event "Titled Tuesday Blitz May 24 Late 2022"]
[White "Drygalov, Sergey"]
[Black "Olafsson, Helgi"]
[WhiteFideId "24171743"]
[BlackFideId "2300010"]
[WhiteElo "2514"]
[BlackElo "2463"]
[Result "1-0"]
[Round "03"]
[TimeControl "180+1"]
[Date "2022.05.24"]
[WhiteClock "0:00:33"]
[BlackClock "0:00:08"]

1. d4 Nf6 2. c4 e6 3. Nf3 b6 4. g3 Ba6 5. Qc2 Bb7 6. Bg2 Be7 7. Nc3 c5 8. d5 exd5 9. cxd5 O-O 10. e4 d6 11. O-O Na6 12. a3 Re8 13. Bf4 Bf8 14. Rad1 Nc7 15. Rfe1 b5 16. e5 dxe5 17. Bxe5 Bd6 18. Bxd6 Qxd6 19. Ng5 Rxe1+ 20. Rxe1 Re8 21. Nce4 Nxe4 22. Rxe4 g6 23. Rxe8+ Nxe8 24. Ne4 Qe5 25. Qxc5 Qxb2 26. Qe7 Qc1+ 27. Bf1 Nc7 28. d6 Bxe4 29. dxc7 Bf5 30. g4 Be6 31. Qd8+ Kg7 32. Qd4+ Kg8 33. Qd6 Kg7 34. Kg2 a6 35. Be2 Qc2 36. Bf3 Qb2 37. Qxe6 fxe6 38. c8=Q 1-0


[Site "https://www.chess.com"]

[Event "Titled Tuesday Blitz May 24 Late 2022"]
[White "Dubov, Daniil"]
[Black "Cabarkapa, Novak"]
[WhiteFideId "24126055"]
[BlackFideId "943746"]
[WhiteElo "2791"]
[BlackElo "2454"]
[Result "1-0"]
[Round "03"]
[TimeControl "180+1"]
[Date "2022.05.24"]
[WhiteClock "0:00:04"]
[BlackClock "0:00:05"]

1. e4 e6 2. d4 d5 3. e5 c5 4. c3 Nc6 5. Nf3 Bd7 6. Be2 Nge7 7. O-O Ng6 8. g3 Be7 9. h4 cxd4 10. cxd4 O-O 11. h5 Nh8 12. Kg2 f6 13. exf6 Bxf6 14. Be3 Nf7 15. Nc3 Rc8 16. Rc1 Ng5 17. Nxg5 Bxg5 18. f4 Be7 19. Bd3 h6 20. Bb1 Bf6 21. Qd3 Qb6 22. Rfe1 Qxb2+ 23. Re2 Qb6 24. Bf2 Bxd4 25. Rce1 Rf5 26. g4 Nb4 27. Qxd4 Qxd4 28. Bxd4 Rxf4 29. Be5 Rxg4+ 30. Kh3 Rg5 31. Bg6 Rxe5 32. Rxe5 Rxc3+ 33. R1e3 d4 34. Rxc3 dxc3 35. Rc5 Nd5 36. Be4 Bc6 37. Bxd5 Bxd5 38. a3 Kf7 39. Rxc3 Kf6 40. Kh4 Bc6 41. Rd3 e5 42. Rd6+ Ke7 43. Rg6 Kf7 44. Rd6 e4 45. Kg3 Ke7 46. Rg6 Kf7 47. Kf4 a5 48. Rd6 Ke7 49. Rg6 Kf8 50. Ke5 Be8 51. Rb6 e3 52. Kf4 e2 53. Re6 Bxh5 54. Kg3 g6 55. Re5 b6 56. Kf2 Kf7 57. Rb5 Bg4 58. Rxb6 h5 59. Ra6 h4 60. Rxa5 h3 61. Re5 Kf6 62. Re3 Bd7 63. Kg3 Bb5 64. Kxh3 Kf5 65. Kg3 g5 66. Kf3 g4+ 67. Kg3 Ba6 68. Re7 Bd3 69. Re3 Bc4 70. a4 Ba6 71. a5 Bc4 72. Re7 Ba6 73. Re8 Bb5 74. Re3 Ba6 75. Kf2 Kf4 76. Rxe2 Bxe2 77. Kxe2 Kg3 78. a6 Kh2 79. a7 g3 80. a8=Q g2 81. Qh8+ Kg1 82. Kf3 Kf1 83. Qa1# 1-0


[Site "https://www.chess.com"]

[Event "Titled Tuesday Blitz May 24 Late 2022"]
[White "Dudzinski, Pawel"]
[Black "Kohler, Aran"]
[WhiteFideId "1117890"]
[BlackFideId "1002856"]
[WhiteElo "2011"]
[BlackElo "2238"]
[Result "0-1"]
[Round "03"]
[TimeControl "180+1"]
[Date "2022.05.25"]
[WhiteClock "0:00:02"]
[BlackClock "0:00:41"]

1. e4 c6 2. d4 d5 3. exd5 cxd5 4. Bd3 a6 5. h3 Nc6 6. Nf3 g6 7. c3 Nf6 8. O-O Bg7 9. Re1 O-O 10. Bf4 Bf5 11. Bxf5 gxf5 12. Ne5 e6 13. Nxc6 bxc6 14. Nd2 Ne4 15. Nb3 a5 16. f3 a4 17. fxe4 axb3 18. exf5 bxa2 19. fxe6 fxe6 20. Be5 Bxe5 21. Rxe5 Qf6 22. Qg4+ Kh8 23. Kh2 Qf4+ 24. Qxf4 Rxf4 25. Re2 c5 26. dxc5 Rc4 27. Rxe6 Rxc5 28. Re2 Rca5 29. b4 Ra3 30. Rd2 Kg7 31. Rxd5 Rxc3 32. Rd2 Rca3 33. Rb2 h5 34. b5 h4 35. b6 R3a4 36. b7 Rb8 37. Raxa2 Rxa2 38. Rxa2 Rxb7 39. Ra4 Kg6 40. Rxh4 Kg5 41. Rg4+ Kh5 42. Ra4 Rb2 43. Ra5+ Kh4 44. Ra4+ Kh5 45. Ra3 Kh4 46. Rc3 Kh5 47. Rc4 Ra2 48. Kg3 Ra3+ 49. Kh2 Ra2 50. Rf4 Rb2 51. Kg3 Rb3+ 52. Rf3 Rb2 53. Rf5+ Kg6 54. Rc5 Rb3+ 55. Kh4 Rb4+ 56. g4 Rb3 57. Rc6+ Kh7 58. Rc7+ Kg6 59. Rc6+ Kh7 60. Rc5 Kg6 61. Rg5+ Kh6 62. Rh5+ Kg6 63. Ra5 Kh6 64. Ra6+ Kg7 65. Kg5 Rxh3 66. Ra7+ Kf8 67. Kg6 Rb3 68. Ra8+ Ke7 69. g5 Rb6+ 70. Kg7 Ke6 71. g6 Kf5 0-1


[Site "https://www.chess.com"]

[Event "Titled Tuesday Blitz May 24 Late 2022"]
[White "Ezat, Mohamed"]
[Black "Prieto Aranguren, Alain"]
[WhiteFideId "10600906"]
[BlackFideId "2268906"]
[WhiteElo "2386"]
[BlackElo "2235"]
[Result "1-0"]
[Round "03"]
[TimeControl "180+1"]
[Date "2022.05.25"]
[WhiteClock "0:00:39"]
[BlackClock "0:00:16"]

1. e4 c6 2. d4 d5 3. e5 Bf5 4. Nc3 e6 5. g4 Bg6 6. Nge2 c5 7. Be3 Nc6 8. Qd2 Rc8 9. O-O-O c4 10. h4 h5 11. Nf4 Bh7 12. Nxh5 a6 13. f4 b5 14. f5 b4 15. Na4 Qa5 16. b3 exf5 17. g5 cxb3 18. axb3 Nxe5 19. dxe5 f4 20. Bd3 fxe3 21. Qxe3 Bxd3 22. Qxd3 Rxh5 23. e6 Ne7 24. exf7+ Kxf7 25. Qf3+ Kg6 26. Rde1 Rh8 27. h5+ Kxg5 28. Re6 g6 29. Rxg6+ Nxg6 30. Rg1+ Kh6 31. Rxg6+ Kh7 32. Qf7+ 1-0


[Site "https://www.chess.com"]

[Event "Titled Tuesday Blitz May 24 Late 2022"]
[White "Garcia, Gabriel Gonzaga"]
[Black "Antonio, Jorge Carlos"]
[WhiteFideId "2138956"]
[BlackFideId "113190"]
[WhiteElo "2240"]
[BlackElo "2247"]
[Result "1-0"]
[Round "03"]
[TimeControl "180+1"]
[Date "2022.05.25"]
[WhiteClock "0:00:56"]
[BlackClock "0:00:16"]

1. e4 e5 2. Nf3 Nc6 3. Bc4 f5 4. exf5 d5 5. Bb5 Bd6 6. d4 e4 7. Ne5 Bxe5 8. dxe5 Bxf5 9. Nc3 Ne7 10. Bg5 O-O 11. Bxc6 bxc6 12. Qd4 h6 13. Bh4 Qe8 14. O-O Ng6 15. Bg3 h5 16. h3 Qe6 17. Na4 Bxh3 18. Nc5 Qg4 19. gxh3 Qxh3 20. Qd1 Rf3 21. Qd2 Raf8 22. Qg5 Nf4 23. Bxf4 R3xf4 24. f3 exf3 25. Kf2 Qh2+ 26. Ke3 Qxc2 27. Qxf4 Rxf4 28. Kxf4 Qxc5 29. Rxf3 Qd4+ 30. Kg5 Qxe5+ 31. Rf5 Qe3+ 32. Kxh5 Kh7 33. Rf7 Qe5+ 34. Kh4 Kg6 35. Raf1 Qe4+ 36. R7f4 Qe7+ 37. Kg3 Qe3+ 38. Kg2 Qe2+ 39. R1f2 Kh7 40. Rxe2 1-0


[Site "https://www.chess.com"]

[Event "Titled Tuesday Blitz May 24 Late 2022"]
[White "Gatterer, Florian"]
[Black "Moral Garcia, Serafin"]
[WhiteFideId "811688"]
[BlackFideId "2201925"]
[WhiteElo "2218"]
[BlackElo "2228"]
[Result "0-1"]
[Round "03"]
[TimeControl "180+1"]
[Date "2022.05.25"]
[WhiteClock "0:00:05"]
[BlackClock "0:01:07"]

1. f4 g6 2. Nf3 Bg7 3. g3 d5 4. Bg2 c5 5. O-O Nc6 6. d3 Nh6 7. c3 O-O 8. Qc2 e6 9. e4 f5 10. e5 Nf7 11. h4 h6 12. d4 cxd4 13. cxd4 Bd7 14. Nc3 Rc8 15. Be3 a6 16. Kf2 b5 17. Qd2 Na5 18. b3 b4 19. Ne2 Qb6 20. Rfc1 Bb5 21. Rxc8 Rxc8 22. Rc1 Rxc1 23. Nxc1 Nc6 24. Bf1 Bxf1 25. Kxf1 a5 26. Nd3 Bf8 27. Kg2 Nfd8 28. Qd1 Na7 29. h5 gxh5 30. Qh1 Qb5 31. Nf2 Qe8 32. Qc1 Ndc6 33. Nd3 Nb5 34. Nc5 Nc3 35. Qc2 Bxc5 36. dxc5 Qg6 37. a3 Qg4 38. axb4 axb4 39. Qd3 h4 40. Nxh4 Qe2+ 41. Qxe2 Nxe2 42. Bd2 Ned4 43. Ng6 Kg7 44. Nh4 Nxb3 45. Be1 Nxc5 46. Nf3 Nd3 47. Bd2 b3 48. Bc3 b2 49. Bxb2 Nxb2 50. g4 fxg4 51. Nd2 Nc4 52. Nb3 Kg6 53. Nc5 Nd4 54. Nd7 h5 55. Nf8+ Kf5 56. Kg3 Ne2+ 57. Kh4 Nxf4 58. Nxe6 Nxe6 59. Kxh5 Kxe5 60. Kxg4 Ke4 61. Kg3 d4 62. Kf2 d3 63. Ke1 Ke3 64. Kd1 Nd4 0-1


[Site "https://www.chess.com"]

[Event "Titled Tuesday Blitz May 24 Late 2022"]
[White "Golubev, Mikhail"]
[Black "Estrada Nieto, Julian"]
[WhiteFideId "14100983"]
[BlackFideId "5101018"]
[WhiteElo "2374"]
[BlackElo "2252"]
[Result "1-0"]
[Round "03"]
[TimeControl "180+1"]
[Date "2022.05.25"]
[WhiteClock "0:00:05"]
[BlackClock "0:00:02"]

1. e4 e5 2. Nf3 Nc6 3. Bb5 a6 4. Ba4 Nf6 5. O-O Be7 6. Re1 b5 7. Bb3 d6 8. a4 b4 9. d3 O-O 10. Nbd2 Na5 11. Ba2 c5 12. Nc4 Nxc4 13. Bxc4 a5 14. h3 Nd7 15. c3 Nb6 16. Bb3 bxc3 17. bxc3 Qc7 18. Nd2 Ba6 19. Nc4 Bxc4 20. Bxc4 Nxc4 21. dxc4 Rab8 22. Be3 Qc6 23. Qd5 Qxd5 24. cxd5 Rb3 25. c4 h6 26. Bd2 Ra8 27. Reb1 Rxb1+ 28. Rxb1 Bg5 29. Bc3 Bd8 30. Rb7 Kf8 31. g3 Ke8 32. f4 Bf6 33. fxe5 dxe5 34. Rb5 Bg5 35. Kf2 Be7 36. Bxe5 f6 37. Bc3 Bd6 38. Rxa5 Rc8 39. Rb5 Rc7 40. a5 Ra7 41. Kf3 Kd7 42. h4 Kc7 43. g4 Ra8 44. g5 hxg5 45. hxg5 Rh8 46. gxf6 gxf6 47. Bxf6 Rf8 48. e5 Bxe5 49. Rxc5+ Kd7 50. Rc6 Bxf6 51. Ke4 Re8+ 52. Kd3 Be5 53. a6 Ra8 54. c5 Rh8 55. Rg6 Rh3+ 56. Ke4 Bc7 57. Rg7+ Kc8 58. Rg8+ Bd8 59. d6 Rh5 60. Kd4 Kd7 61. a7 Rh4+ 62. Kd5 Ra4 63. c6+ Kc8 64. c7 Ra5+ 65. Ke6 Rxa7 66. cxd8=Q+ Kb7 67. Qc7+ Ka6 68. Qc6+ Ka5 69. Qc5+ Ka4 70. Qxa7+ Kb3 71. d7 Kc2 72. d8=Q Kc1 73. Qd3 Kb2 74. Qf2+ Kc1 75. Rg1# 1-0


[Site "https://www.chess.com"]

[Event "Titled Tuesday Blitz May 24 Late 2022"]
[White "Gomez Dieguez, David"]
[Black "Wu, Derek"]
[WhiteFideId "22223630"]
[BlackFideId "30914558"]
[WhiteElo "2115"]
[BlackElo "2071"]
[Result "0-1"]
[Round "03"]
[TimeControl "180+1"]
[Date "2022.05.25"]
[WhiteClock "0:00:26"]
[BlackClock "0:01:22"]

1. c4 e5 2. Nc3 Nc6 3. Nf3 f5 4. g3 Nf6 5. d4 e4 6. Nh4 g6 7. Ng2 Bg7 8. h4 O-O 9. Nf4 Ng4 10. e3 Ne7 11. Be2 Nf6 12. d5 d6 13. Qb3 b6 14. O-O h6 15. Bd2 g5 16. hxg5 hxg5 17. Nh3 Nh7 18. Kg2 Ng6 19. Nb5 f4 20. gxf4 Bxh3+ 21. Kxh3 gxf4 22. exf4 Qh4+ 23. Kg2 Rxf4 24. Qg3 Raf8 25. Qxh4 Nxh4+ 26. Kh2 Rxf2+ 27. Rxf2 Rxf2+ 28. Kg3 Rxe2 29. Kxh4 Rxd2 30. Nxc7 Rxb2 31. Rg1 Kf7 32. Nb5 Be5 33. Rf1+ Nf6 34. Nxa7 Rh2+ 35. Kg5 Rh5# 0-1


[Site "https://www.chess.com"]